 Dungeon Crawl Stone Soup version 0.30-a0-782-ge64f9170bb (webtiles) character file.

Game seed: 12485461740432695127

679 mopl the Magician (level 7, -3/46 HPs)
             Began as a Mummy Fire Elementalist on Mar 13, 2023.
             Was an Initiate of Vehumet.
             Slain by Edmund
             ... wielding a +5 flail of protection
              (9 damage)
             ... on level 5 of the Dungeon.
             The game lasted 00:07:54 (3647 turns).

mopl the Magician (Mummy Fire Elementalist)         Turns: 3647, Time: 00:07:54

Health: -3/46      AC:  9    Str: 11    XL:     7   Next: 34%
Magic:  0/16       EV: 12    Int: 16    God:    Vehumet [......]
Gold:   209        SH:  0    Dex: 13    Spells: 8/18 levels left

rFire   x . .      SeeInvis .    n - +2 short sword (protect)
rCold   + . .      Faith    +    (no shield)
rNeg    + + +      Spirit   .    a - +0 robe
rPois   ∞          Reflect  .    (no helmet)
rElec   .          Harm     .    (no cloak)
rCorr   .          Rampage  .    (no gloves)
Will    .....                    c - +2 pair of boots
Stlth   ++                       (no amulet)
HPRegen 0.27/turn                o - +4 ring of protection
MPRegen 0.15/turn                (no ring)

@: no status effects
A: cold resistance 1, negative energy resistance 3, torment resistance 2, heat
vulnerability 1, in touch with death 1, no potions, faith
a: Renounce Religion


You were on level 5 of the Dungeon.
You worshipped Vehumet.
Vehumet was noncommittal.
You visited 2 branches of the dungeon, and saw 6 of its levels.
You also visited: Sewer.

You collected 249 gold pieces.
You spent 40 gold pieces at shops.

Inventory:

Hand Weapons
 n - a +2 short sword of protection (weapon)
Missiles
 d - 4 poisoned darts
 f - 4 javelins
 l - a boomerang
Armour
 a - a +0 robe (worn)
 c - a +2 pair of boots (worn)
Magical Staves
 m - a staff of death
Jewellery
 o - a +4 ring of protection (left hand)
Wands
 h - a wand of light (7)
Scrolls
 b - 8 scrolls of teleportation
 e - 2 scrolls of amnesia
 g - a scroll of brand weapon {unknown}
 i - 2 scrolls of summoning
 j - 2 scrolls of blinking
 k - 2 scrolls of enchant armour
 p - 4 scrolls of enchant weapon
 q - a scroll of fear {unknown}
 r - a scroll of torment {unknown}
 s - a scroll of poison {unknown}


   Skills:
 - Level 1.5 Dodging
 - Level 1.5 Stealth
 + Level 6.1 Spellcasting
 + Level 3.8 Conjurations
 + Level 4.5 Fire Magic


You had 8 spell levels left.
You knew the following spells:

 Your Spells              Type           Power      Damage    Failure   Level
a - Foxfire               Conj/Fire      72%        2x1d7     2%          1
b - Scorch                Fire           38%        2d6       3%          2
c - Kindle Blastsparks    Fire/Tloc/Air  18%        2d11      22%         3
d - Flame Wave            Conj/Fire      18%        2d7       24%         4

Your spell library contained the following spells:

 Spells                   Type           Power      Damage    Failure   Level
 Static Discharge         Conj/Air       22%        2-3/arc   10%         2
 Inner Flame              Hex/Fire       12%        N/A       16%         3
 Cigotuvi's Dreadful Rot  Necr/Pois/Air  14%        N/A       21%         2
 Poisonous Vapours        Pois/Air       8%         N/A       21%         2
 Mephitic Cloud           Conj/Pois/Air  9%         N/A       24%         3
 Vhi's Electric Charge    Tloc/Air       8%         N/A       38%         3
 Arcjolt                  Conj/Air       5%         1d15      86%         5
 Lightning Bolt           Conj/Air       5%         1d17      86%         5
 Summon Hydra             Summ           2%         N/A       100%        7
 Sublimation of Blood     Necr           Unusable   N/A       N/A         2
 Wereblood                Tmut           Unusable   N/A       N/A         2

Dungeon Overview and Level Annotations

Branches:
Dungeon (5/15)             Temple (1/1) D:4           Sewer (visited)

Altars:
Ashenzari
Gozag
Hepliaklqana
Kikubaaqudgha
Makhleb
Nemelex Xobeh
Okawaru
Ru
Sif Muna
Trog
Vehumet
Wu Jian

Shops:
D:3 ?:((:   D:5 [

Annotations:
D:5 Edmund


Innate Abilities, Weirdness & Mutations

You are immune to poison.
Your flesh is cold resistant. (rC+)
You are immune to negative energy. (rN+++)
You are immune to unholy pain and torment.
You are vulnerable to heat. (rF-)
You are in touch with the powers of death.
You do not drink.
You have a special connection with the divine. (Faith)


Message History

Unknown command.
You are too injured to fight recklessly!
You hit Edmund but do no damage.
Your weapon exudes an aura of protection.
Edmund is heavily wounded.
Edmund closely misses you.
You hit Edmund but do no damage.
Edmund is heavily wounded.
Edmund misses you.
You hit Edmund but do no damage.
Edmund is heavily wounded.
Edmund closely misses you.
You barely miss Edmund.
Edmund is heavily wounded.
Edmund hits you with a +5 flail of protection!
* * * LOW HITPOINT WARNING * * *
You hit Edmund.
Edmund is heavily wounded.
Edmund misses you.
Aiming: Bolt of Light
Press: ? - help, Shift-Dir - straight line, f/p - Edmund
Aim: Edmund, wielding a +5 flail of protection and wearing a +0 chain mail (heavily wounded, blind, 79% to hit)
The bolt of light hits Edmund!
Edmund is almost dead.
Edmund closely misses you.
Unknown command.
Casting: Foxfire (safe; 2% risk of failure)
Confirm with . or Enter, or press ? or * to list all spells.
You conjure some foxfire!
Edmund hits you with a +5 flail of protection.
* * * LOW HITPOINT WARNING * * *
The foxfire hits Edmund but does no damage.
Edmund is almost dead.
The foxfire hits Edmund but does no damage.
Edmund is almost dead.
Casting: Foxfire (safe; 2% risk of failure)
Confirm with . or Enter, or press ? or * to list all spells.
You conjure some foxfire!
Edmund hits you with a +5 flail of protection!
You die...

...........#...# ..
##..#......#...##...#
#...................##
#..##.........#.#.#..
##..#........######.###.
..........!..###..#.#...#
........................#.
.†............<.v.........
..##....##......@.........
.##............@v.........
.###.##...................
...#.##...................
..#..##................<..
#.##.#..................#
..##.##..........>......#.
...............>..........
...###.##.#............>..


You could see Edmund (blind, ally target).

Vanquished Creatures
  Sigmund (D:2)
  2 bullfrogs (Sewer)
  A necrophage (D:5)
  2 scorpions (D:5)
  A hound (D:4)
  An iguana (D:5)
  3 adders
  5 river rats (Sewer)
  2 worms
  2 dart slugs (D:2)
  An orc (D:3)
  18 ball pythons
  5 bats
  5 endoplasms
  A giant cockroach (D:1)
  3 hobgoblins (D:1)
  9 jackals
  5 quokkas
  2 frilled lizards (D:2)
  5 goblins
  7 kobolds
  26 rats
107 creatures vanquished.

Vanquished Creatures (others)
  324 foxfires
324 creatures vanquished.

Grand Total: 431 creatures vanquished

Notes
Turn   | Place    | Note
-------+----------+-------------------------------------------
     0 | D:1      | mopl the Mummy Fire Elementalist began the quest for the
                  | Orb.
     0 | D:1      | Reached XP level 1. HP: 13/13 MP: 4/4
   123 | D:1      | Found a faded altar of an unknown god.
   141 | D:1      | Reached skill level 1 in Conjurations
   208 | D:1      | Reached skill level 3 in Spellcasting
   210 | D:1      | Reached XP level 2. HP: 10/19 MP: 0/6
   213 | D:1      | Learned a level 2 spell: Scorch
   318 | D:1      | You fall into a shaft and drop 1 floor!
   959 | D:2      | Gained mutation: You are in touch with the powers of death.
                  | [Mummy growth]
   959 | D:2      | Reached XP level 3. HP: 24/24 MP: 0/7
   963 | D:2      | Learned a level 3 spell: Kindle Blastsparks
  1092 | D:2      | Noticed Sigmund
  1099 | D:2      | Killed Sigmund
  1100 | D:2      | Reached skill level 4 in Spellcasting
  1100 | D:2      | Reached skill level 2 in Conjurations
  1100 | D:2      | Reached skill level 3 in Fire Magic
  1100 | D:2      | Reached XP level 4. HP: 30/30 MP: 2/10
  1100 | D:2      | Reached XP level 5. HP: 35/35 MP: 2/11
  1114 | D:2      | Learned a level 4 spell: Flame Wave
  1400 | D:3      | Found Obreirurr's Book Boutique.
  1427 | D:3      | Found a broken altar of Ashenzari.
  1528 | D:3      | Found Buseix's Antique Weapon Shoppe.
  1569 | D:3      | Found an ornate altar of the Wu Jian Council.
  1609 | D:3      | Found Tistriabo's Book Boutique.
  1717 | D:3      | Found Qoill's Weapon Emporium.
  1788 | D:3      | Found Boijulisk's Magic Scroll Emporium.
  1796 | D:3      | Bought a scroll of identify for 20 gold pieces
  1796 | D:3      | Bought a scroll of identify for 20 gold pieces
  1951 | D:4      | Found a sparkling altar of Nemelex Xobeh.
  2083 | D:4      | Found a glowing drain.
  2087 | Sewer    | Entered a sewer
  2125 | Sewer    | Reached XP level 6. HP: 38/41 MP: 6/13
  2141 | Sewer    | Reached skill level 5 in Spellcasting
  2263 | Sewer    | Reached skill level 3 in Conjurations
  2545 | Sewer    | Reached skill level 4 in Fire Magic
  2737 | D:4      | Found a burning altar of Makhleb.
  2737 | D:4      | Noticed a blizzard demon
  2826 | D:4      | Found a bloodstained altar of Trog.
  3123 | D:4      | Found a staircase to the Ecumenical Temple.
  3128 | Temple   | Entered the Ecumenical Temple
  3209 | Temple   | Became a worshipper of Vehumet
  3405 | D:5      | Entered Level 5 of the Dungeon
  3411 | D:5      | Reached XP level 7. HP: 46/46 MP: 10/15
  3439 | D:5      | Reached skill level 6 in Spellcasting
  3507 | D:5      | Found an ancient bone altar of Kikubaaqudgha.
  3541 | D:5      | Found Osypac's Armour Emporium.
  3606 | D:5      | Noticed Edmund
  3647 | D:5      | Slain by Edmund

Illustrated notes

Levels and vault maps discovered:
D:1:      kennysheep_arrival_seaside, layout_rooms,
          chequers_ecumenical_altar_simple
D:2:      layout_rooms, feat_on_display, uniq_sigmund
D:3:      layout_basic, mainiacjoe_overflow_boulevard,
          cheibrodos_ashenzari_chains, serial_corexii_hall,
          chequers_hall_statues_y, chequers_hall_statues_corner_a, serial_shops,
          nicolae_shop_bloodbath_and_beyond, shop_statue, shop_statue, shop,
          shop
D:4:      layout_cave_pods, nemelex_xobeh_ov_fountains_minmay,
          makhleb_altar_promises_db, lemuel_crystal_altar, temple_doors_ab,
          gup_sewer_entry_bowl
D:5:      layout_cave_pools, chequers_temple_overflow_statue_of_worship,
          serial_shops, nicolae_shop_crystal, uniq_duvessa, uniq_edmund
Temple:   nicolae_temple_great_sept

Skill      XL: |  1  2  3  4  5  6  7 |
---------------+----------------------+-----
Conjurations   | 1 2 3 |  3.8
Spellcasting   | 3 4 5 6 |  6.1
Fire Magic     | 3 4 |  4.5
Dodging        | |  1.5
Stealth        | |  1.5

Action                     |  1- 3 |  4- 6 |  7- 9 || total
---------------------------+-------+-------+-------++-------
  Melee: Unarmed           |    68 |     9 |       ||    77
         Punch             |     1 |       |     1 ||     2
         Short sword       |       |    29 |    12 ||    41
         Staff             |       |     1 |       ||     1
   Cast: Foxfire           |    45 |   112 |    34 ||   191
         Scorch            |       |       |     4 ||     4
  Evoke: Wand              |       |       |     7 ||     7
    Use: Scroll            |       |     6 |       ||     6
 Armour: Robe              |    54 |    54 |     9 ||   117
  Dodge: Dodged            |    77 |    83 |    18 ||   178

Table legend: (Time is in decaauts)
 A = Elapsed time spent in this place.
 B = Non-inter-level travel time spent in this place.
 C = Inter-level travel time spent in this place.
 D = Time resting spent in this place.
 E = Time spent auto-exploring this place.
 F = Levels seen in this place.
 G = Mean time per level.
                   A        B        C        D        E       F      G
               +--------+--------+--------+--------+--------+-----+--------+
         Total |   3710 |   3538 |    172 |    557 |   2012 |   7 |  530.0 |
       Dungeon |   2960 |   2799 |    161 |    278 |   1837 |   5 |  592.0 |
        Temple |     92 |     81 |     11 |      0 |     62 |   1 |   92.0 |
         Sewer |    657 |    657 |      0 |    279 |    112 |   1 |  657.0 |
               +--------+--------+--------+--------+--------+-----+--------+

Top non-repeatable levels by time:
     D:4: 766 daAuts
     D:2: 704 daAuts
     D:1: 699 daAuts
   Sewer: 657 daAuts
     D:3: 549 daAuts
     D:5: 241 daAuts
  Temple: 92 daAuts
